 Dungeon Crawl Stone Soup version 0.28-a0-948-gee6e0bcda6 (webtiles) character file.

Game seed: 9511131090388402403

181 BinkBink the Skirmisher (level 5, -2/70 HPs)
             Began as a Minotaur Monk on Nov 30, 2021.
             Was a Priest of Fedhas.
             Slain by a scorpion (5 damage)
             ... on level 4 of the Dungeon.
             The game lasted 00:05:34 (3292 turns).

BinkBink the Skirmisher (Minotaur Monk)             Turns: 3292, Time: 00:05:34

Health: -2/70      AC: 22    Str: 15    XL:     5   Next: 34%
Magic:  4/4        EV:  2    Int:  7    God:    Fedhas [***...]
Gold:   181        SH:  0    Dex: 14    Spells: 4/4 levels left

rFire   . . .      SeeInvis .   e - +4 short sword
rCold   . . .      Faith    .   (no shield)
rNeg    . . .      Spirit   .   (armour currently unavailable)
rPois   +          Reflect  .   (helmet currently unavailable)
rElec   .          Harm     .   (cloak currently unavailable)
rCorr   +          Rampage  .   (gloves currently unavailable)
Will    .....      NoTele   +   (boots currently unavailable)
Stlth   ++........              (no amulet)
HPRegen 0.21/turn               q - ring of resist corrosion
MPRegen 0.09/turn               (no ring)

@: lethally poisoned (-2 -> -5), tree-form, attractive
A: stationary, stasis, torment immunity, boosted hp, (horns 2), (retaliatory
headbutt), (hooves 1)
a: Renounce Religion, Wall of Briars, Grow Ballistomycete


You were on level 4 of the Dungeon.
You worshipped Fedhas.
Fedhas was most pleased with you.
You were a tree.
You visited 1 branch of the dungeon, and saw 4 of its levels.

You collected 181 gold pieces.

Inventory:

Hand Weapons
 e - a +4 short sword (weapon)
Missiles
 s - a throwing net (quivered)
Armour
 b - a +0 robe (melded)
 c - a +0 scale mail
Jewellery
 h - a ring of ice
 q - a ring of resist corrosion (left branch)
Wands
 l - a wand of acid (9)
Scrolls
 t - a scroll of enchant armour
 u - a scroll of immolation
Potions
 i - a potion of lignification
 r - a potion of magic {unknown}


   Skills:
 + Level 4.6 Fighting
 * Level 3.1 Short Blades
 - Level 3.8 Maces & Flails
 * Level 2.6 Armour
 + Level 4.2 Dodging
 - Level 1.5 Stealth


You had 4 spell levels left.
You didn't know any spells.
Your spell library contained the following spells:

 Spells                   Type           Power      Damage    Failure   Level
 Animate Skeleton         Necr           0%         N/A       43%         1
 Apportation              Tloc           0%         N/A       43%         1
 Shock                    Conj/Air       0%         1d3       43%         1
 Summon Small Mammal      Summ           0%         N/A       43%         1
 Swiftness                Air            0%         N/A       80%         3
 Airstrike                Air            0%         N/A       99%         4


Dungeon Overview and Level Annotations

Branches:
Dungeon (4/15)
 Temple: D:4-7

Altars:
Fedhas


Innate Abilities, Weirdness & Mutations

You are a tree.
Your roots penetrate the ground, keeping you stationary.
You cannot be teleported.
You are immune to unholy pain and torment.
Your maximum health is greatly increased.
Your equipment is partially melded.
((You have a pair of horns on your head.))
((You reflexively headbutt those who attack you in melee.))
((You have large cloven feet.))


Message History

* * * LOW HITPOINT WARNING * * *
You are more poisoned.
The scorpion poisons you!
You feel much better.
You feel very sick. The scorpion barely misses you. You furiously retaliate!
You headbutt the scorpion, but do no damage.
The scorpion stings you!
You closely miss the scorpion.
The scorpion is heavily wounded.
You feel very sick. The scorpion barely misses you.
You closely miss the scorpion.
The scorpion is heavily wounded.
You feel sick. The scorpion barely misses you.
You closely miss the scorpion. Your headbutt misses the scorpion.
The scorpion is heavily wounded.
You feel sick. The scorpion misses you.
You hit the scorpion. Your headbutt misses the scorpion.
The scorpion is severely wounded.
You feel sick. The scorpion stings you.
* * * LOW HITPOINT WARNING * * *
You hit the scorpion but do no damage. Your headbutt misses the scorpion.
The scorpion is heavily wounded.
* * * LOW HITPOINT WARNING * * *
You feel sick. The scorpion completely misses you.
It was a potion of lignification.
You turn into a tree.
Your +0 robe melds into your body.
Your roots penetrate the ground.
You feel sick.
The scorpion stings you but does no damage. x2
It was a potion of mutation.
You feel extremely strange.
Your feet thicken and deform.
You feel sick. The scorpion stings you.
* * * LOW HITPOINT WARNING * * *
It was a potion of attraction.
You feel attractive to monsters.
* * * LOW HITPOINT WARNING * * *
You feel sick. The scorpion stings you.
You die...
Fedhas appreciates your contribution to the ecosystem.

...............## ##.........
......###..###...###..........
.....## ..# #..........###..
.....# ..# ##........## .
....## # ###....(.# ....#
##......# ....# ##.........#
...... ##...#....... .......
#.♣.##........ ....##.
.......s###........ .....
.#####... ....... ..... ##...
...## .... ##... ..# #... ....
.....


You could see a scorpion.

Vanquished Creatures
  An orc wizard (D:3)
  4 adders
  4 gnolls (D:3)
  An ufetubus (D:4)
  A worm (D:2)
  3 dart slugs (D:3)
  3 orcs (D:3)
  5 ball pythons
  7 bats
  4 endoplasms
  4 goblins
  7 hobgoblins
  3 quokkas
  2 frilled lizards (D:2)
  11 kobolds
  6 rats
66 creatures vanquished.

Notes
Turn   | Place    | Note
-------+----------+-------------------------------------------
     0 | D:1      | BinkBink the Minotaur Monk began the quest for the Orb.
     0 | D:1      | Reached XP level 1. HP: 19/19 MP: 0/0
   150 | D:1      | Reached XP level 2. HP: 27/27 MP: 1/1
   484 | D:1      | Reached skill level 1 in Armour
   753 | D:2      | Reached XP level 3. HP: 20/33 MP: 2/2
   885 | D:2      | Found a faded altar of an unknown god.
   894 | D:2      | Prayed at the altar of an unknown god.
   894 | D:2      | Became a worshipper of Fedhas Madash
   894 | D:2      | Reached * piety under Fedhas
   894 | D:2      | Reached ** piety under Fedhas
   905 | D:2      | Reached skill level 1 in Short Blades
  1145 | D:2      | Reached *** piety under Fedhas
  2119 | D:3      | Reached XP level 4. HP: 33/41 MP: 3/3
  2321 | D:3      | Reached XP level 5. HP: 32/47 MP: 4/4
  2530 | D:3      | Noticed an ogre
  2897 | D:4      | Noticed an ogre
  3291 | D:4      | Gained mutation: You have large cloven feet. [potion of
                  | mutation]
  3292 | D:4      | HP: 3/70 [poisoned by a scorpion]
  3292 | D:4      | Slain by a scorpion

Illustrated notes

Levels and vault maps discovered:
D:1:      co_arrival_random_square_maze, layout_rooms, minmay_door_square
D:2:      layout_rooms, chequers_ecumenical_altar_simple
D:3:      layout_basic, kennysheep_nub
D:4:      layout_layer_cave, minmay_vboxes

Skill      XL: |  1  2  3  4  5 |
---------------+----------------+-----
Armour         | 1 2 |  2.6
Fighting       | 4 |  4.6
Short Blades   | 1 2 3 |  3.1
Dodging        | 4 |  4.2
Maces & Flails | |  3.8
Stealth        | |  1.5

Action                   |  1- 3 |  4- 6 || total
-------------------------+-------+-------++-------
Melee: Mace              |     9 |       ||     9
       Short sword       |    85 |    53 ||   138
       Headbutt          |     8 |     9 ||    17
  Use: Scroll            |       |     7 ||     7
       Potion            |       |     5 ||     5
 Stab: Sleeping          |     2 |     3 ||     5
Armor: Robe              |    25 |     6 ||    31
       Skin              |       |     2 ||     2
Dodge: Dodged            |    67 |    34 ||   101

Table legend: (Time is in decaauts)
 A = Elapsed time spent in this place.
 B = Non-inter-level travel time spent in this place.
 C = Inter-level travel time spent in this place.
 D = Time resting spent in this place.
 E = Time spent auto-exploring this place.
 F = Levels seen in this place.
 G = Mean time per level.
                   A        B        C        D        E       F      G
               +--------+--------+--------+--------+--------+-----+--------+
         Total |   3296 |   3168 |    128 |      0 |   2582 |   4 |  824.0 |
       Dungeon |   3296 |   3168 |    128 |      0 |   2582 |   4 |  824.0 |
               +--------+--------+--------+--------+--------+-----+--------+

Top non-repeatable levels by time:
     D:2: 1202 daAuts
     D:3: 1162 daAuts
     D:1: 667 daAuts
     D:4: 263 daAuts
